 Dungeon Crawl Stone Soup version 0.27.0-1-g7a089689b8 (webtiles) character file.

Game seed: 16786874059274444288

4 ZenoRockbell the Conjurer (level 1, 0/14 HPs)
             Began as a Demigod Conjurer on Aug 7, 2021.
             Slain by a jackal (3 damage)
             ... on level 1 of the Dungeon.
             The game lasted 00:01:37 (27 turns).

ZenoRockbell the Conjurer (Demigod Conjurer)          Turns: 27, Time: 00:01:37

Health: 0/14       AC:  2    Str:  8    XL:     1   Next: 40%
Magic:  1/5        EV: 12    Int: 20    God:
Gold:   0          SH:  0    Dex: 12    Spells: 2/3 levels left

rFire    . . .     SeeInvis .   (no weapon)
rCold    . . .     Faith    .   (no shield)
rNeg     . . .     Spirit   .   a - +0 robe
rPois    .         Reflect  .   (no helmet)
rElec    .         Harm     .   (no cloak)
rCorr    .         Rampage  .   (no gloves)
Will     .....                  (no boots)
Stlth    ++........             (no amulet)
HPRegen  0.04/turn              (no ring)
MPRegen  0.09/turn              (no ring)

@: no status effects
A: high mp 1, forlorn
a: no special abilities


You were on level 1 of the Dungeon.
You visited 1 branch of the dungeon, and saw 1 of its levels.

Inventory:

Armour
 a - a +0 robe (worn)


   Skills:
 * Level 1.8 Dodging
 * Level 1.8 Stealth
 + Level 1.7 Spellcasting
 * Level 3.8 Conjurations


You had 2 spell levels left.
You knew the following spells:

 Your Spells              Type           Power      Damage    Failure   Level
a - Magic Dart            Conj           68%        1d6       3%          1

Your spell library contained the following spells:

 Spells                   Type           Power      Damage    Failure   Level
 Searing Ray              Conj           34%        3d4       4%          2
 Dazzling Flash           Conj/Hex       18%        N/A       22%         3
 Fulminant Prism          Conj/Hex       4%         3d6       58%         4
 Iskenderun's Mystic Bla  Conj/Tloc      9%         2d4       58%         4


Dungeon Overview and Level Annotations

Branches:
Dungeon (1/15)


Innate Abilities, Weirdness & Mutations

Your attributes grow dramatically as you level up.
You have an increased reservoir of magic. (+10% MP)
You shall have no god before yourself.


Message History

The jackal closely misses you.
You completely miss the jackal.
The jackal is heavily wounded.
The jackal bites you. The jackal closely misses you. The jackal misses you.
You hit the jackal but do no damage.
The jackal is heavily wounded.
The jackal bites you but does no damage.
The jackal bites you. x2
You hit the jackal.
The jackal is severely wounded.
The jackal barely misses you. The jackal completely misses you.
Casting: Magic Dart (safe; 3% risk of failure)
Confirm with . or Enter, or press ? or * to list all spells.
Aiming: Magic Dart (safe; 3% risk of failure)
Press: ? - help, Shift-Dir - straight line, f - jackal
Aim: a jackal (severely wounded, 100% to hit)
The magic dart hits the jackal.
You kill the jackal!
The jackal bites you but does no damage.
The jackal barely misses you.
Casting: Magic Dart (safe; 3% risk of failure)
Confirm with . or Enter, or press ? or * to list all spells.
You don't have enough magic to cast this spell.
You closely miss the jackal. The jackal barely misses you.
You barely miss the jackal. The jackal closely misses you.
The jackal barely misses you.
You barely miss the jackal.
The jackal bites you but does no damage.
The jackal barely misses you. The jackal bites you.
* * * LOW HITPOINT WARNING * * *
The jackal misses you.
Drop what? 1/52 slots (_ for help) (? for menu, Esc to quit)
Okay, then.
The jackal bites you.
* * * LOW HITPOINT WARNING * * *
The jackal bites you but does no damage.
The jackal barely misses you. The jackal bites you.
You die...

≈...≈≈≈
≈..≈≈≈≈
≈..≈≈≈≈
.$.≈≈≈≈
....≈≈≈ #####
......≈##...##
.......#.....#
..†....h@.<>.#
..≈.≈..#.....#
.≈≈≈≈≈≈##...##
.≈≈≈≈≈≈ #####
≈≈≈≈≈≈≈
≈≈≈≈≈≈≈
#≈≈≈≈≈≈
#≈≈≈≈≈≈


You could see a jackal.

Vanquished Creatures
  3 jackals (D:1)
3 creatures vanquished.

Notes
Turn   | Place    | Note
-------+----------+-------------------------------------------
     0 | D:1      | ZenoRockbell the Demigod Conjurer began the quest for the
                  | Orb.
     0 | D:1      | Reached XP level 1. HP: 14/14 MP: 5/5
    27 | D:1      | Slain by a jackal

Illustrated notes

Levels and vault maps discovered:
D:1:      minmay_arrival_shoal_huts, layout_loops_ring,
          hellmonk_ecumenical_altar_watching_god, minmay_misc_feat_tower

Action                   || total
-------------------------++-------
Melee: Unarmed           ||    12
 Cast: Magic Dart        ||     6
Armor: Robe              ||     6
Dodge: Dodged            ||    23
